 Dungeon Crawl Stone Soup version 0.28.0-53-g5a82cb258f (webtiles) character file.

Game seed: 6834274327913719716

77 lonewolfV2 the Skirmisher (level 4, -7/37 HPs)
             Began as a Palentonga Fighter on May 24, 2022.
             Killed from afar by a white imp (12 damage)
             ... with a puff of frost
             ... summoned by Natasha
             ... on level 2 of the Dungeon.
             The game lasted 00:02:38 (1660 turns).

lonewolfV2 the Skirmisher (Palentonga Fighter)      Turns: 1660, Time: 00:02:38

Health: -7/37      AC:  6    Str: 22    XL:     4   Next: 13%
Magic:  4/4        EV:  7    Int:  8    God:
Gold:   23         SH:  4    Dex:  9    Spells: 3/3 levels left

rFire   . . .      SeeInvis +   a - +0 war axe
rCold   . . .      Faith    .   c - +0 buckler
rNeg    . . .      Spirit   .   b - +0 scale mail
rPois   .          Reflect  .   (no helmet)
rElec   .          Harm     .   (no cloak)
rCorr   .          Rampage  .   (no gloves)
Will    .....                   (no barding)
Stlth   ..........              (no amulet)
HPRegen 0.12/turn               (no ring)
MPRegen 0.09/turn               (no ring)

@: mighty
A: large, rugged brown scales 3, see invisible, deformed body, roll 1, armoured
tail
a: Rolling Charge


You were on level 2 of the Dungeon.
You visited 1 branch of the dungeon, and saw 2 of its levels.

You collected 23 gold pieces.

Inventory:

Hand Weapons
 a - a +0 war axe (weapon)
Armour
 b - a +0 scale mail (worn)
 c - a +0 buckler (worn)
Scrolls
 e - a scroll of holy word {unknown}
Potions
 f - a potion of mutation {unknown}


   Skills:
 + Level 3.4 Fighting
 + Level 2.9 Axes
 + Level 2.9 Armour
 + Level 0.5 Dodging
 + Level 2.8 Shields


You had 3 spell levels left.
You didn't know any spells.
Your spell library was empty.

Dungeon Overview and Level Annotations

Branches:
Dungeon (2/15)

Altars:

Annotations:
D:2 Natasha, Terence


Innate Abilities, Weirdness & Mutations

You are completely covered in rugged brown scales. (AC +3, +7% HP)
You have supernaturally acute eyesight. (SInv)
Armour fits poorly on your strangely shaped body.
You can roll at nearby foes to attack.
You have a long armoured tail.


Message History

Natasha wildly gestures.
Natasha shimmers violently.
The ball python bites you. The rat bites you but does no damage.
You block the ball python's attack.
Natasha casts a spell.
The rat barely misses you. The ball python barely misses you.
Terence barely misses you. The rat bites you but does no damage.
Terence hits you with a +0 mace. The ball python barely misses you.
The rat bites you. Terence barely misses you.
The ball python bites you but does no damage.
You block Terence's attack.
The ball python bites you but does no damage.
Natasha mumbles some strange words.
Terence hits you with a +0 mace.
You completely miss Terence. You barely miss the ball python.
You block the ball python's attack. Terence hits you but does no damage.
You closely miss Terence. You closely miss the ball python.
You barely miss the worm. The ball python barely misses you.
Terence hits you with a +0 mace.
The ball python bites you but does no damage.
The worm closely misses you. The rat barely misses you.
You hit Terence.
Terence is lightly wounded.
You slash the ball python!
You kill the ball python!
You hit the worm. You slash the rat!
You kill the rat!
Terence hits you but does no damage. Terence hits you with a +0 mace!
Okay, then.
You feel very mighty all of a sudden.
The white imp hits you but does no damage.
The iron imp hits you!
* * * LOW HITPOINT WARNING * * *
The worm bites you but does no damage. Terence hits you but does no damage.
You barely miss Terence. You barely miss the white imp. You hit the iron imp.
You slash the worm! You hit Natasha. Natasha barely misses you.
The white imp gestures at you. The puff of frost hits you!
You die...

### . ... ###. ... ...
###.# #.####
####....####......
.................... #.
##........≈≈w@5....≈≈≈
#.##.....≈≈..≈≈h@5≈≈≈≈≈≈≈
.....≈.≈≈≈≈≈≈≈≈≈≈≈≈≈≈≈≈≈≈
#......≈≈≈≈≈≈≈≈≈≈≈≈≈≈≈≈≈≈
....≈≈≈g≈≈≈≈≈≈≈≈≈≈.≈≈≈≈≈≈
.≈.≈≈≈≈≈≈≈≈P≈≈≈≈≈≈.P.....
.≈≈@≈≈≈≈≈P≈≈≈≈≈........?.
P≈≈≈≈≈≈≈≈≈≈≈.....##.####.
≈≈≈≈≈≈†.≈.......## .#


You could see Terence, a worm, an iron imp (summoned), Natasha and a white imp
(summoned).

Vanquished Creatures
  Natasha (D:2)
  An adder (D:2)
  2 dart slugs
  6 ball pythons
  3 endoplasms
  3 hobgoblins (D:1)
  4 jackals (D:1)
  2 quokkas
  3 bats
  2 frilled lizards (D:1)
  4 goblins
  4 kobolds (D:1)
  3 rats
38 creatures vanquished.

Vanquished Creatures (others)
  5 plants (D:2)
5 creatures vanquished.

Grand Total: 43 creatures vanquished

Notes
Turn   | Place    | Note
-------+----------+-------------------------------------------
     0 | D:1      | lonewolfV2 the Palentonga Fighter began the quest for the
                  | Orb.
     0 | D:1      | Reached XP level 1. HP: 19/19 MP: 1/1
   427 | D:1      | Reached XP level 2. HP: 25/25 MP: 2/2
   749 | D:1      | Reached XP level 3. HP: 23/31 MP: 3/3
  1476 | D:2      | Noticed Natasha
  1482 | D:2      | Killed Natasha
  1560 | D:2      | Noticed Terence
  1561 | D:2      | Reached XP level 4. HP: 27/37 MP: 4/4
  1649 | D:2      | Noticed Natasha
  1660 | D:2      | Killed from afar by a white imp

Illustrated notes

Levels and vault maps discovered:
D:1:      saegor_arrival_simple_a, layout_basic
D:2:      layout_loops_ring, chequers_big_river, uniq_terence, uniq_natasha

Action                   |  1- 3 |  4- 6 || total
-------------------------+-------+-------++-------
Melee: War axe           |    75 |    12 ||    87
       Tailslap          |     9 |     3 ||    12
 Abil: Rolling Charge    |     8 |       ||     8
  Use: Potion            |       |     1 ||     1
Armor: Scale mail        |    34 |    18 ||    52
Dodge: Dodged            |    33 |    18 ||    51
Block: Buckler           |    16 |     4 ||    20
